 Dungeon Crawl Stone Soup version 0.17.1-3-g152610e (webtiles) character file.

1817 Jerry the Blocker (level 9, -6/64 HPs)
             Began as a Formicid Fighter on Apr 6, 2016.
             Was an Initiate of the Shining One.
             Killed by divine providence
             ... invoked by an orc priest
              (8 damage)
             ... on level 7 of the Dungeon.
             The game lasted 00:15:19 (7087 turns).

Jerry the Blocker (Formicid Fighter)                Turns: 7087, Time: 00:15:19

Health: -6/64      AC: 19    Str: 24    XL:     9   Next: 31%
Magic:  9/9        EV:  4    Int:  8    God:    the Shining One [......]
Gold:   201        SH: 12    Dex: 10    Spells: 0 memorised, 8 levels left

rFire  . . .     SeeInvis +     a - +0 war axe
rCold  + . .     Clarity  .     F - +0 crystal plate armour
rNeg   . . .     SustAt   .     c - +1 shield
rPois  +         Gourm    .     (helmet unavailable)
rElec  .         Spirit   .     (no cloak)
rCorr  .         Warding  .     (no gloves)
rMut   .         Stasis   +     (no boots)
MR     .....                    (no amulet)
Stlth  ..........               s - ring of poison resistance
                                C - ring of protection from cold

@: not resistant to hostile enchantments, extremely unstealthy
A: permanent stasis, dig shafts and tunnels, four strong arms, antennae 3
a: Dig, Shaft Self, Renounce Religion


You were on level 7 of the Dungeon.
You worshipped the Shining One.
The Shining One was noncommittal.
You were hungry.

You visited 2 branches of the dungeon, and saw 8 of its levels.

You collected 201 gold pieces.

Inventory:

Hand Weapons
 a - a +0 war axe (weapon)
Armour
 b - a +0 scale mail
 c - a +1 shield (worn)
 F - a +0 crystal plate armour (worn)
Jewellery
 r - an uncursed ring of flight
 s - a ring of poison resistance (right hand)
 C - a ring of protection from cold (left hand)
Wands
 u - a wand of random effects (14)
 x - a wand of hasting (8)
 B - a wand of slowing (10)
Scrolls
 d - a scroll of recharging {unknown}
 f - 3 scrolls of identify
 i - 2 scrolls of teleportation
 k - 4 scrolls of remove curse
 m - 2 scrolls of immolation {unknown}
 o - 2 scrolls of enchant armour
 w - a scroll of fog {unknown}
 y - a scroll of magic mapping
 E - a scroll of fear
Potions
 g - 2 potions of heal wounds
 j - a potion of flight
 l - 3 potions of curing
 n - a potion of brilliance
 q - a potion of magic {unknown}
 t - 2 potions of invisibility {unknown}
 v - 2 potions of poison {unknown}
 z - a potion of mutation {unknown}
 A - a potion of ambrosia {unknown}
 D - a potion of degeneration {unknown}
Books
 G - a book of Geomancy

   Spells                             Type                      Level
   a - Sandblast                      Earth                        1
   b - Stoneskin                      Transmutation/Earth          2
   c - Passwall                       Transmutation/Earth          3
   d - Stone Arrow                    Conjuration/Earth            3
   e - Petrify                        Transmutation/Earth          4
   f - Lee's Rapid Deconstruction     Earth                        5
Comestibles
 e - 2 bread rations
 h - a royal jelly
 p - 3 meat rations


   Skills:
 - Level 3.2 Fighting
 + Level 7.0 Axes
 + Level 8.1 Armour
 + Level 8.5 Shields


You had 8 spell levels left.
You didn't know any spells.

Dungeon Overview and Level Annotations

Branches:
Dungeon (7/15)             Temple (1/1) D:6

Altars:
Ashenzari
Cheibriados
Dithmenos
Elyvilon
Fedhas
Gozag
Kikubaaqudgha
Nemelex Xobeh
Ru
Trog
Vehumet
Xom
Yredelemnul
Zin
The Shining One

Annotations:
D:7 Prince Ribbit


Innate Abilities, Weirdness & Mutations

You are under a permanent stasis effect.
You can dig through walls and to a lower floor.
Your four strong arms can wield two-handed weapons with a shield.
You have a pair of large antennae on your head (SInv).


Message History

The orc warrior is almost dead.
You block the orc warrior's attack.
You slash the orc warrior!
You kill the orc warrior!
Your Axes skill increases to level 7!
Your Armour skill increases to level 8!
Your crystal plate armour prevents you from hitting the orc.
You block the orc's attack.
Your crystal plate armour prevents you from hitting the orc.
The orc priest calls down the wrath of Beogh upon you.
Something smites you!
* * * LOW HITPOINT WARNING * * *
The orc hits you but does no damage.
You hit the orc.
The orc is heavily wounded.
You block the orc's attack.
You slash the orc!
You kill the orc!
The orc priest mumbles some strange prayers to Beogh against you.
Something smites you!
You die...

#.#.#.......# #.#
#.#.#.###<### #.#
#.#.#..# ####.########
#.#.#..# ####...........#
#.#....###..............#
#.####..##..............#
#.#####.##..............#
........................#
##..........####@########
##..........# #o#
.#..........# #o#
.#............ >..
.#................
.########+##....... .#
....... .# ###.### .#


You could see an orc priest and an orc.

Vanquished Creatures
  The ghost of NihilVerum the Chiller, an amateur MfIE (D:4)
  2 ogres
  A necrophage (D:6)
  2 ice beasts (D:6)
  An orc warrior (D:7)
  A centaur (D:6)
  A phantom (D:6)
  2 giant frogs (D:6)
  3 killer bees (D:7)
  2 crimson imps (D:6)
  2 giant frog zombies
  A jelly (D:6)
  4 orc wizards
  A giant frog skeleton (D:7)
  An orc priest (D:4)
  An iguana (D:6)
  A centaur skeleton (D:4)
  A killer bee zombie (D:3)
  3 worker ants
  4 gnolls
  14 adders
  An adder skeleton (D:5)
  An adder zombie (D:5)
  5 worms
  2 giant geckos
  9 orcs
  A ball python (D:5)
  6 giant cockroaches
  4 goblins
  5 hobgoblins
  2 jackals (D:3)
  4 kobolds
  3 quokkas
  6 bats
  A giant gecko skeleton (D:6)
  3 giant newts
  17 rats
119 creatures vanquished.

Notes
Turn   | Place    | Note
--------------------------------------------------------------
     0 | D:1      | Jerry the Formicid Fighter began the quest for the Orb.
     0 | D:1      | Reached XP level 1. HP: 18/18 MP: 1/1
   110 | D:1      | Reached XP level 2. HP: 22/24 MP: 2/2
   112 | D:1      | Reached skill level 4 in Shields
   524 | D:2      | Reached XP level 3. HP: 29/29 MP: 3/3
  1045 | D:2      | Found a shattered altar of Ashenzari.
  1107 | D:2      | Reached XP level 4. HP: 35/35 MP: 4/4
  1771 | D:3      | Reached XP level 5. HP: 36/41 MP: 5/5
  2358 | D:3      | Reached skill level 5 in Shields
  2804 | D:3      | Reached XP level 6. HP: 22/47 MP: 6/6
  3193 | D:4      | Reached skill level 5 in Armour
  3410 | D:4      | Noticed NihilVerum's ghost (amateur MfIE)
  3863 | D:4      | Reached XP level 7. HP: 47/52 MP: 7/7
  4062 | D:4      | Killed NihilVerum's ghost
  4062 | D:4      | Reached skill level 6 in Shields
  4229 | D:4      | Found an opulent altar of Gozag.
  4438 | D:5      | Entered Level 5 of the Dungeon
  4498 | D:5      | Reached skill level 5 in Axes
  4975 | D:5      | Found a snail-covered altar of Cheibriados.
  5085 | D:5      | Reached XP level 8. HP: 43/58 MP: 8/8
  5637 | D:6      | Reached skill level 7 in Shields
  5680 | D:6      | Found a staircase to the Ecumenical Temple.
  5710 | Temple   | Entered the Ecumenical Temple
  5789 | Temple   | Became a worshipper of the Shining One
  6115 | D:6      | Reached XP level 9. HP: 44/64 MP: 9/9
  6524 | D:6      | Reached skill level 8 in Shields
  6752 | D:7      | Noticed Prince Ribbit
  7085 | D:7      | HP: 2/64 [orc priest/divine providence (14)]
  7087 | D:7      | Killed from afar by an orc priest

Action                   |  1- 3 |  4- 6 |  7- 9 || total
-------------------------+-------+-------+-------++-------
Melee: War axe           |   110 |   189 |   324 ||   623
  Use: Potion            |       |     1 |       ||     1
       Scroll            |       |    11 |       ||    11
  Eat: Chunk             |     1 |     6 |     7 ||    14
       Bread ration      |       |     1 |       ||     1
       Pizza             |       |       |     1 ||     1
